AoeStats
← Game project 0001

Coastal Forest

510464328Analyzed
3v3 RM · 2d ago on Oct 1, 2026· 37m 42s· 6 players
Game mode
Random Map
Map size
Normal (6 player)
Population
200
Speed
Normal
Resources
Standard
Victory
Conquest
Starting age
Dark Age
Ending age
Imperial Age
RankedLock teamsTeams togetherTeam positionsShared explorationLock speedFull tech treeHidden civsTurbo modeCheats
Victory
Defeat
🇦🇷 Mongols · Argentina
1492
+17
🇭🇰 Teutons · Hong Kong SAR China
1490
+18
🇺🇾 Koreans · Uruguay
1483
+18
🇦🇷 Malay · Argentina
1601
-21
🇨🇷 Varangians · Costa Rica
1574
-20
🇦🇷 Maya · Argentina
1398
-12
Game project 0001
4:59 Loom
10:18 Feudal Age
10:55 Double-Bit Axe
12:15 Horse Collar
13:29 Forging
18:12 Wheelbarrow
22:59 Castle Age
21:24 Gold Mining
22:25 Scale Barding Armor
24:03 Heavy Plow
24:14 Bow Saw
30:49 Town Watch
35:18 Fletching
37:29 Hand Cart
NotResignFast
6:31 Loom
9:31 Feudal Age
12:10 Double-Bit Axe
19:11 Castle Age
20:13 Bow Saw
19:51 Fishing Lines
27:21 Imperial Age
25:43 Gold Mining
27:55 Fletching
28:54 Bodkin Arrow
31:57 Scale Barding Armor
33:47 Bracer
35:00 Wheelbarrow
36:26 Ballistics
FMG | Sawasha Takohida
9:18 Feudal Age
8:34 Loom
12:02 Fletching
23:21 Castle Age
22:07 Horse Collar
24:00 Bodkin Arrow
23:26 Crossbowman
25:46 Wheelbarrow
29:56 Scale Mail Armor
31:43 Hand Cart
32:45 Forging
34:23 Chain Mail Armor
Daniel Lothbrok
6:07 Loom
9:12 Feudal Age
10:18 Horse Collar
11:51 Double-Bit Axe
25:37 Castle Age
23:59 Bloodlines
24:06 Forging
24:01 Scale Barding Armor
25:20 Gold Mining
26:53 Scale Barding Armor
27:24 Iron Casting
28:16 Stone Mining
29:47 Wheelbarrow
29:21 Heavy Plow
30:08 Chain Barding Armor
30:50 Bow Saw
33:33 Devotion
34:34 Hand Cart
34:05 Town Watch
34:23 Fletching
38:46 Imperial Age
36:56 Husbandry
Lord_M@ster
0:34 Loom
1:46 Loom
10:20 Feudal Age
10:49 Double-Bit Axe
15:42 Fletching
30:44 Gold Mining
30:35 Horse Collar
33:30 Castle Age
32:16 Padded Archer Armor
34:34 Bodkin Arrow
33:59 Crossbowman
38:21 Wheelbarrow
DiegoRasta
7:04 Loom
12:27 Feudal Age
13:38 Horse Collar
16:30 Castle Age
14:35 Double-Bit Axe
16:28 Scale Barding Armor
16:43 Bow Saw
20:12 Husbandry
29:36 Forging
30:27 Wheelbarrow
31:25 Devotion
33:11 Gold Mining
Connection lost

Rejoining the realm…

Still unreachable

The connection could not be restored.

Session expired

The server has moved on; the page needs a fresh start.